 Dungeon Crawl Stone Soup version 0.17-a0-627-g5cb7d3e (webtiles) character file.

31699 ololoevDg the Fighter (level 13, 157/157 HPs)
             Began as a Demigod Wizard on Apr 15, 2015.
             Quit the game on level 3 of the Lair of Beasts on Apr 16, 2015.
             The game lasted 01:55:07 (25978 turns).

ololoevDg the Fighter (Demigod Wizard)             Turns: 25978, Time: 01:55:07

Health: 157/157    AC:  9    Str: 15    XL:     13   Next: 0%
Magic:  33/33      EV: 19    Int: 30    God:
Gold:   304        SH:  0    Dex: 14    Spells: 6 memorised, 21 levels left

rFire  + . .     SeeInvis .     B - +3 spear (freeze) (curse)
rCold  . . .     Rnd*Rage +     C - +2 robe {rF+}
rNeg   . . .     SustAb   +     (no shield)
rPois  .         Gourm    .     (helmet restricted)
rElec  .         Spirit   .     E - +0 cloak
rCorr  .         Warding  .     q - +2 pair of gloves
rMut   .         Stasis   .     x - +0 pair of boots
MR     +....                    I - amulet of faith
Stlth  ..........               (no ring)
                                (no ring)

@: berserking, repel missiles, very quick, somewhat resistant to hostile
enchantments, extremely unstealthy
A: antennae 1, berserk 1, frail 1, high mp 1, sustain abilities
a: no special abilities


Innate Abilities, Weirdness & Mutations

You have an increased reservoir of magic (+10% MP).
Your attributes are resistant to harm.
You have a pair of small antennae on your head.
You tend to lose your temper in combat.
You are frail (-10% HP).

Inventory:

Hand weapons
 B - a cursed +3 spear of freezing (weapon)
 G - the +7 mace "Faasafeck" {flame, MR+, unknown}
   (You found it on level 9 of the Dungeon)

   It has been specially enchanted to burn those struck by it, causing extra
   injury to most foes and up to half again as much damage against particularly
   susceptible opponents.
   It affects your resistance to hostile enchantments.
Armour
 l - a cursed +0 helmet
 q - a +2 pair of gloves (worn)
 x - a +0 pair of boots (worn)
 C - a +2 robe of fire resistance (worn)
 E - a +0 cloak (worn)
Jewellery
 I - an amulet of faith (around neck)
Scrolls
 b - a scroll of amnesia
 j - 7 scrolls of remove curse
 k - 3 scrolls of teleportation
 r - 4 scrolls of fear
 y - 3 scrolls of fog
 z - a scroll of magic mapping
 F - 2 scrolls of blinking
Potions
 a - a potion of might {unknown}
 e - 2 potions of degeneration {unknown}
 f - 7 potions of curing
 h - 4 potions of heal wounds
 m - 2 potions of restore abilities {unknown}
 n - 3 potions of agility {unknown}
 o - 4 potions of lignification
 p - 3 potions of haste
 t - a potion of flight
 v - 2 potions of invisibility {unknown}
 w - a potion of brilliance {unknown}
 A - a potion of beneficial mutation {unknown}
 H - a potion of ambrosia {unknown}
Books
 c - a book of Minor Magic

   Spells                             Type                      Level
   a - Magic Dart                     Conjuration                  1
   b - Blink                          Translocation                2
   c - Call Imp                       Summoning                    2
   d - Repel Missiles                 Charms/Air                   2
   e - Slow                           Hexes                        2
   f - Conjure Flame                  Conjuration/Fire             3
   g - Mephitic Cloud                 Conjuration/Poison/Air       3
Comestibles
 d - 11 bread rations
 i - 5 slices of pizza


   Skills:
 + Level 11.7 Fighting
 + Level 11.7 Dodging
 - Level 1.7 Stealth
 + Level 11.2 Spellcasting
 - Level 4.1 Conjurations
 - Level 0.8 Summonings
 - Level 0.8 Translocations
 - Level 2.2 Air Magic


You had 21 spell levels left.
You knew the following spells:

 Your Spells              Type           Power        Failure   Level  Hunger
a - Magic Dart            Conj           ####         1%          1    None
b - Call Imp              Summ           ###.....     3%          2    None
c - Blink                 Tloc           N/A          3%          2    None
d - Mephitic Cloud        Conj/Pois/Air  ####....     4%          3    None
e - Conjure Flame         Conj/Fire      ####....     4%          3    None
f - Repel Missiles        Chrm/Air       ###...       3%          2    None


You were on level 3 of the Lair of Beasts.
You were not hungry.

You visited 2 branches of the dungeon, and saw 15 of its levels.
You also visited: Bailey.

You collected 994 gold pieces.
You spent 690 gold pieces at shops.

.......................##
......................###
........................#
................##......#
.......................##
.............##.........#
........÷....##........##
..##.........#..........#
.#.#...........†@......##
..#.†...#...#..........#
.......##...##.........#
............###.......### ####
.....÷......###.......PP### #..#
..............#........P#.####..#
............P##.............#....
.....<......##...................
............##...................

Notes
Turn   | Place    | Note
--------------------------------------------------------------
     0 | D:1      | ololoevDg, the Demigod Wizard, began the quest for the Orb.
     0 | D:1      | Reached XP level 1. HP: 14/14 MP: 6/6
   100 | D:1      | Reached skill level 1 in Conjurations
   600 | D:1      | Reached XP level 2. HP: 14/22 MP: 8/8
   717 | D:1      | Learned a level 2 spell: Call Imp
   720 | D:1      | Learned a level 2 spell: Blink
   973 | D:1      | Reached skill level 3 in Spellcasting
  1320 | D:1      | You fall through a shaft!
  1330 | D:2      | Noticed Sigmund
  1353 | D:2      | Killed Sigmund
  1353 | D:2      | Reached skill level 1 in Fighting
  1353 | D:2      | Reached XP level 3. HP: 15/29 MP: 0/10
  1353 | D:2      | Reached XP level 4. HP: 18/36 MP: 0/11
  1522 | D:2      | Learned a level 3 spell: Mephitic Cloud
  1782 | D:2      | Noticed Natasha
  1792 | D:2      | Killed Natasha
  1839 | D:2      | Reached XP level 5. HP: 37/41 MP: 5/13
  2264 | D:2      | Noticed Natasha
  2298 | D:2      | Killed Natasha
  2344 | D:2      | Noticed Robin
  2355 | D:2      | Killed Robin
  2421 | D:2      | Noticed Natasha
  2435 | D:2      | Killed Natasha
  2880 | D:2      | Learned a level 3 spell: Conjure Flame
  3227 | D:3      | Found a snail-covered altar of Cheibriados.
  3892 | D:4      | Found a glowing silver altar of Zin.
  3892 | D:4      | Found an ancient bone altar of Kikubaaqudgha.
  3945 | D:4      | Found a sacrificial altar of Ru.
  3967 | D:4      | Noticed Dowan
  3977 | D:4      | Reached XP level 6. HP: 50/50 MP: 7/14
  4110 | D:4      | Noticed Duvessa
  4118 | D:4      | Killed Duvessa
  4118 | D:4      | Reached skill level 4 in Spellcasting
  4571 | D:4      | Noticed stickyfingers's ghost (average FoAs)
  4576 | D:4      | Killed stickyfingers's ghost
  4576 | D:4      | Reached XP level 7. HP: 36/57 MP: 12/16
  4742 | D:4      | Noticed an ogre
  4802 | D:4      | Learned a level 2 spell: Repel Missiles
  5043 | D:4      | Killed Dowan
  5231 | D:4      | Killed an ogre
  5231 | D:4      | Reached skill level 1 in Air Magic
  5438 | D:5      | Entered Level 5 of the Dungeon
  6058 | D:5      | Reached XP level 8. HP: 66/66 MP: 7/18
  6355 | D:5      | Found a stormy altar of Qazlal.
  6529 | D:5      | Found a white marble altar of Elyvilon.
  6532 | D:5      | Found a bloodstained altar of Trog.
  6543 | D:5      | Found a deep blue altar of Sif Muna.
  6546 | D:5      | Found a burning altar of Makhleb.
  6778 | D:5      | Reached skill level 5 in Spellcasting
  7555 | D:6      | Reached skill level 5 in Dodging
  7648 | D:6      | Found Osteib's Assorted Antiques.
  7660 | D:6      | Bought a scroll labeled GYZ NUUNUMPIG for 29 gold pieces
  7660 | D:6      | Bought a scroll labeled EKUWNI RAIJAMO for 29 gold pieces
  7660 | D:6      | Bought a scroll labeled XEXILO ZONUXKA for 29 gold pieces
  7660 | D:6      | Bought a scroll of identify for 58 gold pieces
  7660 | D:6      | Bought a potion of heal wounds for 145 gold pieces
  7694 | D:6      | Reached skill level 5 in Fighting
  7778 | D:6      | Noticed Pikel
  7789 | D:6      | Killed Pikel
  8090 | D:6      | Reached skill level 6 in Spellcasting
  8260 | D:6      | Reached XP level 9. HP: 75/75 MP: 1/21
  8591 | D:6      | Upgraded the game from 0.17-a0-587-g4707e02 to 0.17-a0-627-g5cb7d3e
  9590 | D:7      | Found a staircase to the Ecumenical Temple.
 10139 | D:7      | Reached skill level 7 in Dodging
 10353 | D:7      | Found an opulent altar of Gozag.
 10892 | D:8      | Found a staircase to the Lair.
 10908 | D:8      | Found Xappi's Jewellery Boutique.
 10977 | D:8      | Noticed Maurice
 11015 | D:8      | Killed Maurice
 11463 | D:8      | Found a shattered altar of Ashenzari.
 11481 | D:8      | Found a sparkling altar of Nemelex Xobeh.
 11594 | D:8      | Reached XP level 10. HP: 86/86 MP: 19/25
 11943 | D:9      | Found Caroifoh's Food Shoppe.
 12149 | D:9      | Found Erifofuz's Antique Weapon Boutique.
 12340 | D:9      | Got a polished mace
 12395 | D:9      | Gained mutation: You have a pair of small antennae on your head. [mutagenic meat]
 12396 | D:9      | Gained mutation: You tend to lose your temper in combat. [mutagenic meat]
 12397 | D:9      | Gained mutation: You are clumsy. (Dex -2) [mutagenic meat]
 12736 | D:9      | Reached skill level 8 in Dodging
 12841 | D:9      | Found a staircase to the Orcish Mines.
 13690 | D:9      | Found an iron altar of Okawaru.
 14167 | D:10     | Entered Level 10 of the Dungeon
 14940 | D:10     | Found Oras's Weapon Boutique.
 15196 | D:11     | Found a flagged portal.
 15302 | Bailey   | Entered a bailey
 15308 | Bailey   | Noticed an orc knight
 15396 | D:11     | Noticed a skeletal warrior
 15411 | D:11     | Killed a skeletal warrior
 15426 | D:11     | Noticed a skeletal warrior
 15442 | D:11     | Killed a skeletal warrior
 15693 | D:11     | Noticed a white ugly thing
 15701 | D:11     | Killed a white ugly thing
 15701 | D:11     | Reached skill level 9 in Dodging
 15718 | D:11     | Reached XP level 11. HP: 20/95 MP: 18/28
 16696 | D:11     | Noticed a skeletal warrior
 16711 | D:11     | Killed a skeletal warrior
 16743 | D:11     | Noticed a skeletal warrior
 16803 | D:11     | Killed a skeletal warrior
 17331 | D:11     | Noticed a skeletal warrior
 17349 | D:11     | Killed a skeletal warrior
 17465 | D:11     | Gained mutation: You are frail (-10% HP). [mutagenic meat]
 17466 | D:11     | Lost mutation: You are clumsy. (Dex -2) [mutagenic meat]
 18057 | D:12     | Reached skill level 10 in Dodging
 18106 | D:12     | Reached skill level 10 in Fighting
 19167 | D:12     | Reached skill level 10 in Spellcasting
 19239 | D:12     | Noticed a six-headed hydra
 19291 | D:12     | Killed a six-headed hydra
 19291 | D:12     | Reached XP level 12. HP: 58/96 MP: 6/30
 19484 | D:12     | Noticed Snorg
 19508 | D:12     | Killed Snorg
 20010 | Lair:1   | Entered Level 1 of the Lair of Beasts
 20031 | D:8      | Bought an uncursed amulet of faith for 400 gold pieces
 21002 | Lair:1   | Reached skill level 11 in Fighting
 21145 | Lair:1   | Noticed a six-headed hydra
 21162 | Lair:1   | Killed a six-headed hydra
 21752 | Lair:1   | Noticed a five-headed hydra
 21757 | Lair:1   | Killed a five-headed hydra
 22827 | Lair:2   | Noticed a six-headed hydra
 22834 | Lair:2   | Killed a six-headed hydra
 24025 | Lair:3   | Noticed an eight-headed hydra
 24272 | Lair:3   | Killed an eight-headed hydra
 25977 | Lair:3   | Reached XP level 13. HP: 105/105 MP: 33/33
 25978 | Lair:3   | Quit the game

Dungeon Overview and Level Annotations

Branches:
Dungeon (12/15)            Temple (0/1) D:7            Lair (3/8) D:8
    Orc (0/4) D:9
  Swamp: Lair:3-6    Shoals: Lair:3-6     Snake: Lair:3-6    Spider: Lair:3-6

Shops:
D:6 *   D:8 =   D:9 %(   D:10 (


Message History

You kill the spiny frog!
You start resting.
Magic restored.
There is an open door here.
A water moccasin comes into view.
What do you say? t - Shout!
Orders for allies: a - Attack new target. r - Retreat! s - Stop attacking. w - Wait here. f - Follow me.
Anything else - Stay silent.
You shout for attention!
Attack whom?
Press: ? - help, Dir - move target cursor, f - water moccasin
Aim: a water moccasin You reach to attack!
You hit the water moccasin. You freeze the water moccasin.
The water moccasin is lightly wounded.
You hit the water moccasin. You freeze the water moccasin.
The water moccasin is lightly wounded.
The water moccasin completely misses you.
The water moccasin bites you but does no damage.
You closely miss the water moccasin.
The water moccasin is lightly wounded.
The water moccasin misses you.
The water moccasin completely misses you.
You barely miss the water moccasin.
The water moccasin is lightly wounded.
The water moccasin bites you but does no damage.
You closely miss the water moccasin.
The water moccasin is lightly wounded.
The water moccasin completely misses you. x2
You hit the water moccasin. You freeze the water moccasin.
The water moccasin is heavily wounded.
The water moccasin closely misses you.
A red film seems to cover your vision as you go berserk!
You feel yourself moving faster!
You feel mighty!
You puncture the water moccasin! You freeze the water moccasin.
You kill the water moccasin!
You have reached level 13!
Are you sure you want to abandon this character and quit the game? (Confirm with "yes".)

There were no monsters in sight!

Vanquished Creatures
  5 hydras
  5 skeletal warriors (D:11)
  4 hill giants
  Pikel (D:6)
  3 ugly things
  Maurice (D:8)
  5 spiny frogs
  A gargoyle (D:11)
  A kobold demonologist (D:12)
  4 komodo dragons
  A polar bear (Lair:3)
  The ghost of stickyfingers the Skirmisher, an average FoAs of Nemelex Xobeh (D:4)
  2 trolls
  A two-headed ogre (D:11)
  4 blink frogs (Lair:1)
  4 deep elf magi
  4 orc warriors
  A trapdoor spider (D:11)
  Sigmund (D:2)
  A spriggan (D:8)
  12 yaks (D:12)
  10 hippogriffs
  3 wraiths
  2 basilisks
  2 humans (D:9)
  A hungry ghost (D:8)
  5 centaurs
  A wyvern (D:12)
  9 wolves
  12 water moccasins
  12 porcupines
  Duvessa (D:4)
  3 ice beasts
  2 black bears
  A slave (D:6)
  2 sky beasts
  2 phantoms
  4 ogres
  5 crocodiles
  5 big kobolds
  18 giant frogs
  A wyvern zombie (D:6)
  Dowan (D:4)
  4 scorpions
  8 killer bees
  14 wights
  11 crimson imps
  7 jellies
  2 centaur zombies
  5 hounds
  5 orc priests
  13 orc wizards
  7 worker ants
  3 centaur skeletons
  4 giant frog skeletons
  4 iguanas
  7 hell rats (Lair:3)
  Natasha (twice) (D:2)
  A killer bee zombie (D:10)
  2 hound zombies
  A mummy (D:9)
  Robin (D:2)
  4 gnolls (D:5)
  4 adders
  29 river rats
  2 shadow imps
  A white imp (D:12)
  2 adder skeletons (D:8)
  2 adder zombies (D:8)
  6 worms
  3 giant geckos
  62 orcs
  22 bats
  A bat skeleton (D:5)
  20 goblins
  14 hobgoblins
  13 jackals
  44 kobolds
  6 quokkas
  4 ball pythons
  4 giant cockroaches
  A giant gecko skeleton (D:8)
  4 giant newts
  2 giant spores (D:12)
  An orc zombie (D:8)
  2 quokka skeletons (D:4)
  14 rats
  5 ballistomycetes (D:12)
  A fungus (Lair:3)
538 creatures vanquished.

Vanquished Creatures (collateral kills)
  Snorg (D:12)
  A spiny frog (Lair:2)
  A water moccasin (Lair:2)
  A porcupine (Lair:2)
  A crocodile (Lair:3)
  2 crimson imps
  An iguana (Lair:2)
  An adder (D:2)
  Natasha (D:2)
  3 gnolls (D:2)
  2 orcs (D:3)
  4 goblins (D:2)
  A hobgoblin (D:2)
  A kobold (D:2)
21 creatures vanquished.

Vanquished Creatures (others)
  3 slaves (D:6)
  12 crimson imps
  A hound (D:6)
  An iron imp (D:12)
  An orc wizard (D:11)
  6 shadow imps
  7 white imps
  2 orcs (D:6)
  2 fungi
35 creatures vanquished.

Grand Total: 594 creatures vanquished

Action                   |  1- 3 |  4- 6 |  7- 9 | 10-12 | 13-15 || total
-------------------------+-------+-------+-------+-------+-------++-------
Melee: Spear             |    53 |   275 |    97 |  1093 |       ||  1518
       Hand axe          |       |       |   225 |    68 |       ||   293
 Cast: Magic Dart        |    45 |    10 |   275 |   198 |       ||   528
       Call Imp          |     5 |    11 |     6 |    42 |       ||    64
       Mephitic Cloud    |       |    18 |    43 |    66 |       ||   127
       Blink             |       |     2 |    11 |    28 |       ||    41
       Conjure Flame     |       |     9 |    60 |   224 |       ||   293
       Repel Missiles    |       |       |     2 |     1 |       ||     3
  Use: Scroll            |       |     8 |     3 |    13 |       ||    24
       Potion            |       |       |     3 |     2 |       ||     5
 Stab: Sleeping          |     1 |     3 |     1 |     4 |       ||     9
       Confused          |       |    14 |     5 |    15 |       ||    34
       Distracted        |       |     2 |       |     2 |       ||     4
  Eat: Chunk             |       |    14 |    17 |    29 |       ||    60
       Beef jerky        |       |       |     1 |     3 |       ||     4
       Bread ration      |       |       |     1 |     2 |       ||     3
       Meat ration       |       |       |       |     4 |       ||     4

Vault maps used:
D:1:      dpeg_arrival_brainrot, minmay_unequal
D:2:      uniq_robin, uniq_sigmund, uniq_natasha
D:3:      cheibriados_altar_1
D:4:      nicolae_ru_great_annihilating_truth,
          gammafunk_temple_overflow_elements, portal_sewer_entry_a,
          st_stairs_13, uniq_duvessa
D:5:      grunt_temple_overflow_cloverleaf, first_bread, grunt_qazlal_sundering
D:6:      serial_shops, nicolae_shop_temple_entry_statues_fountains, uniq_pikel
D:7:      nicolae_gozag_cash_rules_everything_around_me,
          minmay_temple_entry_large_hall
D:8:      nicolae_overflow_crystal_walls, lair_0_dummy, serial_shops,
          kennysheep_mini_moat, basic_altar, the_bakery, uniq_maurice
D:9:      erik_ogre, okawaru_humans, hiddenorc1_lemuel, serial_shops, shop,
          nicolae_shop_crystal
D:10:     serial_shops, kennysheep_mini
D:11:     enter_bailey_2
D:12:     kennysheep_generic_room_13, uniq_snorg
Lair:1:   minivault_11, serial_bayou_shore_b, bh_autumn_forest_stairs
Lair:3:   cheibrodos_lair_caveside_slide, grunt_megastairs_3
Bailey:   bailey_axe_4, bailey
